[Event "*** Titled Tuesday Blitz"]
[Site "Chess.com"]
[Date "2020.05.26"]
[Round "9"]
[White "WhiteCapital80"]
[Black "ChessicallyInclined"]
[Result "0-1"]
[WhiteElo "2418"]
[BlackElo "2527"]
[TimeControl "180+1"]
[EndTime "11:51:40 PDT"]
[Termination "ChessicallyInclined won by checkmate"]

1. e4 c5 2. Nf3 Nc6 3. d4 cxd4 4. Nxd4 Nf6 5. Nc3 e5 6. Ndb5 d6 7. Bg5 a6 8. Na3 b5 9. Nd5 Be7 10. Bxf6 Bxf6 11. c3 O-O 12. Nc2 Bg5 13. a4 bxa4 14. Nce3 Rb8 15. Qxa4 Bd7 16. Qa2 a5 17. Bc4 Kh8 18. O-O g6 19. Rad1 f5 20. exf5 gxf5 21. f4 exf4 22. Nc2 Ne5 23. Be2 Be6 24. Nd4 Bg8 25. c4 Bxd5 26. cxd5 Qb6 27. Kh1 Rg8 28. b3 Ng4 29. Bxg4 fxg4 30. Ne6 Qxb3 31. Qxa5 f3 32.
gxf3 gxf3 33. Qa7 Bf6 34. Qf7 Qb2 35. Rd2 Qe5 36. Rd3 f2 37. Rf3 Rg1+ 38. Rxg1 fxg1=Q+ 39. Kxg1 Rb1+ 40. Kg2 Qe2+ 41. Kg3 Rg1+ 42. Kf4 Qe5# 0-1

[Event "*** Titled Tuesday Blitz"]
[Site "Chess.com"]
[Date "2020.05.26"]
[Round "9"]
[White "Aygehovit1992"]
[Black "Sam_ChessMood"]
[Result "1-0"]
[WhiteElo "2722"]
[BlackElo "2848"]
[TimeControl "180+1"]
[EndTime "11:51:41 PDT"]
[Termination "Aygehovit1992 won by resignation"]

1. e4 c6 2. Nc3 d5 3. Qf3 e5 4. exd5 Nf6 5. dxc6 Nxc6 6. Bb5 Bd7 7. Nge2 Bd6 8. d3 a6 9. Bc4 Nb4 10. Bb3 Be6 11. Kd1 O-O 12. Bg5 Be7 13. Bxf6 Bxf6 14.
Ng3 Qd7 15. Bxe6 fxe6 16. Nge4 Bg5 17. Qh3 Bh6 18. a3 Nc6 19. Nc5 Qe7 20. N3e4 Rae8 21. Rf1 b6 22. Nb3 a5 23. Nbd2 Rc8 24. Nc4 Nd4 25. c3 Nb3 26. Rb1 b5 27. Nxe5 Rf5 28. Ng4 Bf4 29. Ne3 Rff8 30. Ke2 b4 31. axb4 axb4 32.
Rfd1 Kh8 33. Nc4 Qb7 34. f3 Qd5 35. Nb6 Qb5 36. Nxc8 Rxc8 37. Qxe6 Re8 38. Qxb3 1-0

[Event "*** Titled Tuesday Blitz"]
[Site "Chess.com"]
[Date "2020.05.26"]
[Round "9"]
[White "freshfoodcompany"]
[Black "pfalcon1949"]
[Result "0-1"]
[WhiteElo "2196"]
[BlackElo "2069"]
[TimeControl "180+1"]
[EndTime "11:51:41 PDT"]
[Termination "pfalcon1949 won by resignation"]

1. d4 Nf6 2. c4 e6 3. Nc3 Bb4 4. e3 b6 5. Ne2 c5 6. a3 Ba5 7. f3 Bb7 8. Bd2 O-O 9. Rb1 Na6 10.
Qc2 Rc8 11. Nb5 Bxd2+ 12. Qxd2 Ra8 13. Nd6 Bc6 14. b4 Qc7 15. dxc5 bxc5 16. b5 Rab8 17. Rd1 Rb6 18. bxa6 Rxa6 19. Nb5 Bxb5 20. cxb5 Rxa3 21.
Nc3 d5 22. Be2 Rb8 23. O-O Qa5 24. h3 Qxc3 25. Qxc3 Rxc3 26. Ra1 Rb7 27. Rfb1 g6 28. Kf2 Kg7 29. Rc1 Rxc1 30. Rxc1 c4 31. Rb1 Ne8 32. Rb4 Nd6 33. e4 Rxb5 34. Ra4 a5 35. exd5 exd5 0-1

[Event "*** Titled Tuesday Blitz"]
[Site "Chess.com"]
[Date "2020.05.26"]
[Round "9"]
[White "KingChess345"]
[Black "Supernotar"]
[Result "0-1"]
[WhiteElo "2176"]
[BlackElo "2703"]
[TimeControl "180+1"]
[EndTime "11:51:41 PDT"]
[Termination "Supernotar won by resignation"]

1. d4 d5 2. Nf3 Nf6 3. g3 e6 4. Bg2 Be7 5. O-O O-O 6. c4 c6 7. Qc2 Nbd7 8. Nbd2 b6 9. e4 dxe4 10. Nxe4 Bb7 11. Bf4 Nxe4 12. Qxe4 Nf6 13. Qe2 c5 14. Rad1 cxd4 15. Rxd4 Bxf3 16. Rxd8 Bxe2 17. Rxa8 Rxa8 18. Bxa8 Bxf1 19. Kxf1 Bc5 20. Bf3 Kf8 21. Ke2 Ke7 22. a3 a5 23. Bd2 Bd4 24. b4 axb4 25. axb4 e5 26. Be3 Bxe3 27. Kxe3 Kd6 28. h4 h6 29. h5 Nd7 30. Bd5 f5 31. Bf7 Nb8 32. Bg6 Ke6 33. c5 bxc5 34. bxc5 Nc6 35. f3 Ne7 36. Be8 Kd5 37.
g4 Kxc5 38. gxf5 Nxf5+ 39. Ke4 Nd6+ 40. Kxe5 Nxe8 41. Ke6 Nf6 42. Kf7 Nxh5 43. Kg6 Ng3 44. Kxg7 h5 45. Kg6 h4 46. Kg5 h3 47. Kg4 h2 48.
Kxg3 h1=Q 49. f4 Qh6 50. Kg4 Qf6 51. f5 Kd5 52. Kf4 0-1

[Event "*** Titled Tuesday Blitz"]
[Site "Chess.com"]
[Date "2020.05.26"]
[Round "9"]
[White "Karinaa87"]
[Black "NormWeinstein"]
[Result "1/2-1/2"]
[WhiteElo "2523"]
[BlackElo "2367"]
[TimeControl "180+1"]
[EndTime "11:51:42 PDT"]
[Termination "Game drawn by repetition"]

1. d4 c5 2. d5 e5 3. e4 d6 4.
g3 Be7 5. Bg2 Bg5 6. Bxg5 Qxg5 7. Nf3 Qe7 8. O-O Bg4 9. h3 Bxf3 10. Qxf3 Nf6 11. Nc3 O-O 12. a4 Nbd7 13. h4 Rfe8 14. Bh3 Nf8 15. Ra3 a6 16. Kg2 Qc7 17. a5 Rab8 18. Nd1 b6 19. axb6 Rxb6 20. h5 h6 21. Bf5 N8h7 22. Bxh7+ Nxh7 23. Qc3 Ng5 24. f3 Reb8 25.
b3 Nh7 26. Ne3 Nf6 27. Nc4 Nxh5 28. Nxb6 Rxb6 29. Rfa1 Qe7 30. Rxa6 Rxa6 31. Rxa6 Qg5 32.
Qe1 Nf4+ 33. Kf2 Nh5 34. g4 Nf4 35. Qh1 Ng6 36. Ke2 Nf4+ 37. Kd1 h5 38. gxh5 Nxh5 39.
Ra8+ Kh7 40. Qh3 g6 41. Qc8 Qg1+ 42. Kd2 Kh6 43. Qh8+ Kg5 44. Qd8+ Kf4 45. Qxd6 Qe3+ 46. Kd1 Kxf3 47. Qxe5 Qg1+ 48. Kd2 Qe3+ 49. Kd1 Qg1+ 50. Kd2 Qe3+ 51. Kd1 1/2-1/2

[Event "*** Titled Tuesday Blitz"]
[Site "Chess.com"]
[Date "2020.05.26"]
[Round "9"]
[White "DACF2905"]
[Black "NotFischer"]
[Result "1-0"]
[WhiteElo "2260"]
[BlackElo "2133"]
[TimeControl "180+1"]
[EndTime "11:51:42 PDT"]
[Termination "DACF2905 won by checkmate"]

1. c4 g6 2. g3 Bg7 3. Bg2 d6 4. Nc3 Nf6 5. e3 O-O 6. Nge2 c6 7. d4 Nbd7 8. O-O e5 9. b3 Qc7 10. Bb2 Re8 11. Qc2 a6 12. Rad1 Rb8 13. d5 cxd5 14.
Nxd5 Nxd5 15. Bxd5 Nf6 16. Bg2 b5 17. Ba3 Bf8 18.
Qd2 bxc4 19. Bxd6 Bxd6 20. Qxd6 Qxd6 21. Rxd6 cxb3 22. Rxf6 bxa2 23. Nc3 Be6 24. Ra1 Rb2 25. Nxa2 Rxa2 26. Rxa2 Bxa2 27. Rxa6 Bc4 28. Rc6 Bd3 29. Bd5 Rb8 30. e4 Rb1+ 31. Kg2 Bf1+ 32. Kf3 Rd1 33. Rc3 Kg7 34. Ke3 f5 35. f3 Re1+ 36. Kf2 Rb1 37. Rc7+ Kh6 38. h4 g5 39. Rc6+ Kg7 40.
hxg5 fxe4 41. Bxe4 Ra1 42. Rc7+ Kf8 43. Rxh7 Bc4 44. Rc7 Ra2+ 45. Kg1 Bf7 46. g6 Ra1+ 47. Kh2 Ra2+ 48. Kh3 Be6+ 49. Kh4 Rh2+ 50. Kg5 Rg2 51. g4 Rh2 52. Kf6 Bxg4 53. fxg4 Rf2+ 54. Bf5 e4 55. Rc8# 1-0

[Event "*** Titled Tuesday Blitz"]
[Site "Chess.com"]
[Date "2020.05.26"]
[Round "9"]
[White "rynos0411"]
[Black "louis198"]
[Result "0-1"]
[WhiteElo "2362"]
[BlackElo "2506"]
[TimeControl "180+1"]
[EndTime "11:51:44 PDT"]
[Termination "louis198 won by resignation"]

1. d4 Nf6 2. c4 c5 3. d5 b5 4. cxb5 a6 5. bxa6 Bxa6 6. Nf3 d6 7. g3 g6 8. Bg2 Bg7 9. O-O O-O 10. Nc3 Nbd7 11.
Rb1 Qc7 12. Re1 Rfb8 13. b3 Ng4 14. Bb2 c4 15. Na4 c3 16. Rc1 Qa7 17. e3 cxb2 18. Rb1 Bb5 19. Nxb2 Qxa2 20. Nd4 Bxd4 21. Qxd4 Ngf6 22.
Qc3 Nc5 23. b4 Nce4 24. Qd4 e5 25. dxe6 Qxe6 26. f3 Ng5 27. h4 Nh3+ 28. Kh2 Nf2 29. e4 N2g4+ 30. fxg4 Nxg4+ 31. Kg1 Ra3 32. e5 dxe5 33.
Qc5 Rxg3 34. Rbc1 Qf6 35. Rc2 Qxh4 36. Qxb5 Rxb5 0-1

[Event "*** Titled Tuesday Blitz"]
[Site "Chess.com"]
[Date "2020.05.26"]
[Round "9"]
[White "diablanni"]
[Black "Larina_Marija"]
[Result "1-0"]
[WhiteElo "2326"]
[BlackElo "2150"]
[TimeControl "180+1"]
[EndTime "11:51:44 PDT"]
[Termination "diablanni won by resignation"]

1. e4 d5 2. exd5 Qxd5 3. Nc3 Qa5 4. d4 Nf6 5. Nf3 Bf5 6. Bc4 e6 7. Bd2 c6 8. Qe2 Be7 9. Ne5 O-O 10. Nd5 Qd8 11. Nxe7+ Qxe7 12. g4 Bxc2 13. a3 Be4 14. f3 Bd5 15. Bb4 Qc7 16. Bxf8 Kxf8 17. O-O Nbd7 18. f4 Ne4 19. Bd3 Nxe5 20. fxe5 Ng5 21. h4 Qe7 22. hxg5 Qxg5 23. Be4 Bb3 24. Rf3 Ba4 25. Rh3 h6 26. Rh5 Qf4 27. Rf1 Qg3+ 28. Bg2 Qb3 29. g5 Bb5 30. Qf3 Bxf1 31. Qxb3 b5 32. Bxf1 Ke7 33. gxh6 gxh6 34. Qf3 Rg8+ 35. Kf2 Rg5 36. Rxh6 Rg7 37. Rf6 a5 38. Qxc6 Rg5 39.
Qc7+ Ke8 40. Bxb5+ 1-0

[Event "*** Titled Tuesday Blitz"]
[Site "Chess.com"]
[Date "2020.05.26"]
[Round "9"]
[White "Luibov_AN"]
[Black "DishonorOnYourCow"]
[Result "0-1"]
[WhiteElo "2064"]
[BlackElo "2308"]
[TimeControl "180+1"]
[EndTime "11:51:47 PDT"]
[Termination "DishonorOnYourCow won by resignation"]

1. d4 Nf6 2. Nf3 g6 3. Bg5 Ne4 4. Bh4 d5 5. Nbd2 Bg7 6. e3 c5 7. c3 Nxd2 8. Qxd2 cxd4 9. exd4 Nc6 10. Bd3 O-O 11. O-O Bg4 12. Ne1 Qd7 13. h3 Bf5 14. Bb5 a6 15. Ba4 b5 16. Bb3 Na5 17. Bd1 Nc4 18. Qc1 Rfc8 19. Nf3 a5 20. Re1 Be4 21. Nd2 Bh6 22. Re2 Nxd2 23. Rxd2 Bxd2 24. Qxd2 Re8 25.
Qh6 Qd6 26. Bg3 Qe6 27. Be5 f6 28. Bg4 Bf5 29. Bxf5 Qxf5 30. Bg3 e5 31. dxe5 fxe5 32. Rd1 Rad8 33. Bh4 Rd7 34. g4 Qf4 35. Bg5 Qf7 36.
Qh4 d4 37. cxd4 exd4 38. Bf6 d3 39. a3 d2 40. g5 Re1+ 41. Kg2 Rxd1 42. Qe4 Re1 43.
Qa8+ Re8 0-1

[Event "*** Titled Tuesday Blitz"]
[Site "Chess.com"]
[Date "2020.05.26"]
[Round "9"]
[White "WinstonSilvakov"]
[Black "alekschess100"]
[Result "1-0"]
[WhiteElo "2107"]
[BlackElo "2217"]
[TimeControl "180+1"]
[EndTime "11:51:47 PDT"]
[Termination "WinstonSilvakov won by resignation"]

1. d4 Nf6 2. e3 e6 3. Bd3 c5 4. c3 Nc6 5. f4 d5 6. Nd2 c4 7. Bc2 b5 8. Ngf3 Bb7 9. Ne5 Nd7 10. O-O Be7 11. Qh5 g6 12. Qh6 Bf8 13. Qh3 Bg7 14. Ndf3 f6 15. Qxe6+ Qe7 16. Qxe7+ Kxe7 17. Nxd7 Kxd7 18. e4 dxe4 19. Bxe4 Rhe8 20. Nd2 f5 21. Bf3 Kc7 22. b3 b4 23. Nxc4 bxc3 24. d5 Nd8 25. Ba3 Re4 26. Bxe4 fxe4 27. Bd6+ Kd7 28. Be5 Bxe5 29. Nxe5+ Kd6 30. Rac1 Rc8 31. Nc4+ Kxd5 32.
Rxc3 Ne6 33. Rd1+ Nd4 34. Ne3+ Ke6 35. Rxc8 Bxc8 36. Rxd4 1-0

[Event "*** Titled Tuesday Blitz"]
[Site "Chess.com"]
[Date "2020.05.26"]
[Round "9"]
[White "MarcoRiehle"]
[Black "RitvarsReimanis"]
[Result "1-0"]
[WhiteElo "2640"]
[BlackElo "2497"]
[TimeControl "180+1"]
[EndTime "11:51:49 PDT"]
[Termination "MarcoRiehle won on time"]

1. e4 c5 2. a3 e5 3. Nc3 Nc6 4. Bc4 d6 5. d3 h6 6. f4 Nf6 7. Nf3 g6 8. O-O Bg7 9. fxe5 dxe5 10. Nd5 Nxd5 11. Bxd5 Qe7 12. c4 Be6 13. Be3 O-O 14. Qd2 Kh7 15. Qf2 Nd4 16. Bxd4 exd4 17. Qg3 Bxd5 18. cxd5 c4 19. dxc4 Qxe4 20. Rfe1 Qc2 21. b3 d3 22. Rab1 Rae8 23. Red1 Re2 24. h4 Kg8 25. h5 g5 26. Kh1 Rfe8 27. Ne1 Qc3 28. Nf3 d2 29. d6 Qd3 30. c5 b6 31. b4 bxc5 32. bxc5 Qc2 33. d7 Rf8 34. Qd6 Be5 35. Qxf8+ Kxf8 36. d8=Q+ Kg7 37. Nxe5 Qe4 38. Nf3 g4 39.
Qd4+ f6 40. Qxe4 1-0

[Event "*** Titled Tuesday Blitz"]
[Site "Chess.com"]
[Date "2020.05.26"]
[Round "9"]
[White "sergeikim"]
[Black "Dmitry_Konenkin"]
[Result "1-0"]
[WhiteElo "2401"]
[BlackElo "2252"]
[TimeControl "180+1"]
[EndTime "11:51:50 PDT"]
[Termination "sergeikim won by resignation"]

1. d4 d6 2. c4 e5 3. Nf3 e4 4.
Ng5 f5 5. h4 h6 6. Nh3 Nf6 7.
Nf4 Kf7 8. h5 Be7 9. Nc3 Re8 10. Ng6 c6 11. Bf4 Be6 12. e3 Qa5 13.
a3 d5 14. b4 Qd8 15. c5 Nbd7 16. Be2 Nh7 17. b5 Qa5 18. Qb3 Bf6 19. O-O Nxc5 20. dxc5 Qxc3 21. Qa4 Qxa1 22. Rxa1 Bxa1 23. bxc6 bxc6 24.
Qxc6 Rad8 25. Qb7+ Rd7 26. Qa6 Nf8 27. c6 Rdd8 28.
c7 Rc8 29. Qxa7 Nxg6 30. hxg6+ Kxg6 31. Ba6 Kf7 32. Bxc8 Rxc8 33. Qb6 Bf6 34. a4 g5 35. Bd6 Ra8 36. a5 Bc8 37. Qb8 Rxa5 38. Qxc8 Ra1+ 39. Kh2 Rc1 40. Qd7+ Kg6 41. Qe8+ 1-0

[Event "*** Titled Tuesday Blitz"]
[Site "Chess.com"]
[Date "2020.05.26"]
[Round "9"]
[White "MikeSailer"]
[Black "MilanJeremic"]
[Result "0-1"]
[WhiteElo "2085"]
[BlackElo "2234"]
[TimeControl "180+1"]
[EndTime "11:51:50 PDT"]
[Termination "MilanJeremic won on time"]

1. d4 d5 2. Nf3 Nf6 3. Bf4 Bf5 4. e3 c6 5. Be2 e6 6. Nbd2 Bd6 7. O-O Bxf4 8. exf4 O-O 9. Ne5 Nbd7 10. c3 h6 11. Ndf3 Be4 12. Bd3 Bxf3 13. Qxf3 Rc8 14. Rfe1 c5 15.
Qh3 Re8 16. f5 cxd4 17. cxd4 Qb6 18. Nxf7 Kxf7 19. fxe6+ Kg8 20. exd7 Rxe1+ 21. Rxe1 Rd8 22. Bf5 Qxd4 23. Be6+ Kf8 24. Qf5 Qb4 25. Rc1 Qe4 26. Qh3 Ke7 27. Bf5 Qe2 28. Qa3+ Kf7 29. Qd6 Qe7 30.
Bg6+ Kf8 31. Rc8 Qxd6 32. Rxd8+ Ke7 0-1

[Event "*** Titled Tuesday Blitz"]
[Site "Chess.com"]
[Date "2020.05.26"]
[Round "9"]
[White "ftorodent"]
[Black "Chessialist"]
[Result "0-1"]
[WhiteElo "2656"]
[BlackElo "2553"]
[TimeControl "180+1"]
[EndTime "11:51:51 PDT"]
[Termination "Chessialist won by checkmate"]

1. d4 Nf6 2. c4 e6 3. Nf3 d5 4. Nc3 Be7 5. Bf4 c6 6. e3 Nbd7 7. Bd3 O-O 8. O-O dxc4 9. Bxc4 b5 10. Bd3 a6 11. a4 Bb7 12. Qc2 b4 13. Ne4 Nxe4 14.
Bxe4 Nf6 15. Nd2 Nxe4 16. Nxe4 Qd5 17. Nc5 Bxc5 18. Qxc5 Qxc5 19. dxc5 Rfd8 20. Bd6 a5 21. Rfd1 Rd7 22. Rd4 Ba6 23. f3 f6 24. f4 Kf7 25.
Kf2 e5 26. fxe5 fxe5 27. Bxe5 Rxd4 28. Bxd4 Bc4 29. Ke1 Ke6 30. Kf2 Rf8+ 31. Kg3 Bd5 32. Re1 Bb3 33. h4 g6 34. Rh1 h5 35. Re1 Kd5 36.
Rc1 Rf7 37. Ra1 Ke4 38. Rc1 Kd3 39. Ra1 Rf5 40. Rc1 Rf7 41. Ra1 Kc2 42. Be5 Rf5 43.
Bd4 Bd5 44. Re1 Be4 45. Ra1 Kb3 46. Kh3 Rf2 47. g4 Rf3+ 48. Kh2 hxg4 49. Rg1 Rh3# 0-1

[Event "*** Titled Tuesday Blitz"]
[Site "Chess.com"]
[Date "2020.05.26"]
[Round "9"]
[White "Enriquack"]
[Black "politeplayer"]
[Result "0-1"]
[WhiteElo "2316"]
[BlackElo "2200"]
[TimeControl "180+1"]
[EndTime "11:51:51 PDT"]
[Termination "politeplayer won by resignation"]

1. e4 c5 2. Nf3 e6 3. d4 cxd4 4. Nxd4 Nc6 5. Nc3 Qc7 6. f4 Nxd4 7. Qxd4 b6 8. Nb5 Qc6 9. Bd2 Bb7 10. O-O-O Nf6 11.
e5 Bc5 12. Qc4 Ne4 13. b4 Nxd2 14. Rxd2 Be3 15. Qxc6 Bxc6 16. Nc7+ Ke7 17. Nxa8 Rxa8 18.
Kd1 Bxd2 19. Kxd2 Rc8 20. Ba6 Rc7 21. Bd3 g6 22. Rg1 Bd5 23. a4 d6 24. exd6+ Kxd6 25. Ra1 Bxg2 26. c4 Bb7 27. Kc3 e5 28. fxe5+ Kxe5 29.
a5 Be4 30. Bxe4 Kxe4 31. axb6 axb6 32. Re1+ Kf3 33. Kd4 f5 34. c5 bxc5+ 35. bxc5 g5 36. Rf1+ Kg4 37. h3+ Kxh3 38. Rxf5 g4 39. Rg5 Kh4 40.
Rg8 h5 41. Kd5 Kg3 42. c6 h4 43. Kd6 Rh7 44. c7 Rxc7 45. Kxc7 h3 46. Kd6 Kh2 47.
Ke5 g3 48. Kf4 g2 49. Kf3 g1=Q 0-1

[Event "*** Titled Tuesday Blitz"]
[Site "Chess.com"]
[Date "2020.05.26"]
[Round "9"]
[White "Grandelicious"]
[Black "BillieKimbah"]
[Result "0-1"]
[WhiteElo "2803"]
[BlackElo "2876"]
[TimeControl "180+1"]
[EndTime "11:51:53 PDT"]
[Termination "BillieKimbah won by resignation"]

1. Nf3 d5 2. g3 Nd7 3. d4 Ngf6 4. Bg2 b5 5. O-O e6 6. a4 b4 7. c4 bxc3 8. Nxc3 Be7 9. Bf4 c6 10. e4 O-O 11. Ne5 Nxe5 12. dxe5 Nd7 13. exd5 cxd5 14. h4 Ba6 15. Re1 Nc5 16. Nb5 Qd7 17. Bf1 Rab8 18.
b3 Rfd8 19. h5 Bb7 20. h6 g6 21. Nd6 Bc6 22. Rb1 d4 23. a5 Ba8 24. b4 Qc6 25. f3 Na4 26. Rc1 Nc3 27. Qxd4 Qxf3 28.
Rxc3 Qh1+ 29. Kf2 g5 30. Bxg5 Qh2+ 31. Ke3 Bxg5+ 32. Kd3 Qd2+ 33. Kc4 Bd5+ 34. Kc5 Rbc8+ 35. Nxc8 Rxc8+ 36. Kd6 Rd8+ 37. Kc5 Be7+ 38. Kb5 Qxd4 0-1

[Event "*** Titled Tuesday Blitz"]
[Site "Chess.com"]
[Date "2020.05.26"]
[Round "9"]
[White "Alexander_Moskalenko"]
[Black "GregShahade"]
[Result "1-0"]
[WhiteElo "2802"]
[BlackElo "2661"]
[TimeControl "180+1"]
[EndTime "11:51:53 PDT"]
[Termination "Alexander_Moskalenko won by resignation"]

1. c4 c5 2. Nf3 g6 3. e3 Nf6 4.
Nc3 Bg7 5. b3 O-O 6. Bb2 b6 7. Be2 Bb7 8. O-O d5 9. Nxd5 Nxd5 10.
Bxg7 Kxg7 11. cxd5 Qxd5 12. Qc2 Nc6 13. Qb2+ Kg8 14. a3 Rfd8 15. Rfd1 Rac8 16. b4 c4 17. d4 b5 18. Qc3 a5 19. bxa5 Ra8 20.
Ne1 Nxa5 21. Bf3 Qd7 22. Bxb7 Qxb7 23. Nc2 Nb3 24. Rab1 Ra6 25. h3 Rda8 26. d5 Qd7 27. e4 Nc5 28. Qd4 Nd3 29. Nb4 Rxa3 30. Nxd3 cxd3 31.
Rxd3 R8a4 32. Qe3 b4 33. Rdb3 Qd6 34. Qd4 Rxb3 35. Rxb3 f6 36. g3 Qa6 37. Rb1 Qb5 38.
d6 exd6 39. Qxf6 Qe5 40. Qd8+ Kg7 41. Qd7+ Kf6 42. Qxa4 1-0

[Event "*** Titled Tuesday Blitz"]
[Site "Chess.com"]
[Date "2020.05.26"]
[Round "9"]
[White "emiliocordova"]
[Black "bilelou"]
[Result "1-0"]
[WhiteElo "2736"]
[BlackElo "2530"]
[TimeControl "180+1"]
[EndTime "11:51:53 PDT"]
[Termination "emiliocordova won on time"]

1. d4 Nf6 2. Nf3 e6 3. c4 d5 4. g3 dxc4 5. Bg2 Bd7 6. Ne5 Bc6 7. Nxc6 Nxc6 8. e3 Qd7 9. O-O Rd8 10. Qe2 e5 11. Qxc4 exd4 12. exd4 Nxd4 13. Nc3 c5 14. Bg5 Be7 15. Bxf6 Bxf6 16. Qxc5 b6 17. Rfe1+ Ne6 18. Qb4 Be7 19. Qg4 O-O 20. Rad1 Qc8 21. Nd5 Rfe8 22. h4 Kf8 23. Qf5 Kg8 24. Be4 g6 25. Qe5 Qb8 26. Qc3 Rc8 27. Qf3 Kg7 28. Bb1 Bd8 29. h5 Bg5 30. Qg4 Rcd8 31. a3 f5 32. Qc4 Rc8 33. Qb5 Qb7 34. Ba2 Bf6 35. Nxf6 Kxf6 36. Qe5+ 1-0

[Event "*** Titled Tuesday Blitz"]
[Site "Chess.com"]
[Date "2020.05.26"]
[Round "9"]
[White "Cocaino74"]
[Black "Swarajan"]
[Result "0-1"]
[WhiteElo "2353"]
[BlackElo "2191"]
[TimeControl "180+1"]
[EndTime "11:51:53 PDT"]
[Termination "Swarajan won by resignation"]

1. e4 c5 2. Nf3 d6 3. Bb5+ Bd7 4.
Bxd7+ Nxd7 5. c3 Ngf6 6. Qe2 Rc8 7.
O-O g6 8. d4 cxd4 9. cxd4 Bg7 10. Nc3 O-O 11. h3 Qa5 12. Bd2 Qb6 13. b3 Ne8 14.
Rfc1 Nc7 15. a4 a6 16. a5 Qa7 17. Be3 b5 18. axb6 Qxb6 19. Rab1 a5 20. Nd2 Bxd4 21. Nc4 Qa7 22. Bxd4 Qxd4 23. Na4 Nc5 24. Rd1 Qg7 25.
Nab6 Rb8 26. b4 axb4 27. Rxb4 N7a6 28. Rbb1 Nc7 29. Qe3 N7e6 30. Kh1 Rfd8 31. f4 Qh6 32. Nd5 Rxb1 33. Rxb1 Qh4 34. f5 Ng5 35. Nf4 Ncxe4 36.
Nd5 Ng3+ 37. Kg1 N5e4 38. Nxe7+ Qxe7 39. Nxd6 0-1

[Event "*** Titled Tuesday Blitz"]
[Site "Chess.com"]
[Date "2020.05.26"]
[Round "9"]
[White "Vandros57"]
[Black "JiangoFett"]
[Result "0-1"]
[WhiteElo "2209"]
[BlackElo "2345"]
[TimeControl "180+1"]
[EndTime "11:51:53 PDT"]
[Termination "JiangoFett won by checkmate"]

1. d4 Nf6 2. Nf3 e6 3. c4 b6 4. g3 Bb7 5. Bg2 Be7 6. O-O O-O 7. Nc3 d5 8. Ne5 Nbd7 9. Bf4 Rc8 10. Rc1 c6 11.
Nxd7 Qxd7 12. cxd5 cxd5 13. Bg5 h6 14. Bxf6 Bxf6 15.
e3 b5 16. a3 a6 17. Qd2 Rc7 18. Ne2 Rfc8 19. Rxc7 Rxc7 20. Rc1 Be7 21. Nf4 Bd6 22. Nd3 Qc8 23. b4 Rc4 24. Nc5 Bxc5 25. bxc5 Qc7 26. Rb1 Bc6 27. Bf1 Ra4 28. Qb2 Qa5 29. Bd3 Rxa3 30. Bf1 Ra2 31. Qb4 Qxb4 32. Rxb4 a5 33. Rb1 b4 34. Kg2 Ra3 35. Be2 b3 36. Bd3 a4 37.
Kf3 Ra2 38. e4 Kf8 39. Ke3 Ke7 40. e5 Kd7 41. h4 Kc7 42. g4 f6 43. f4 Bd7 44. g5 f5 45. gxh6 gxh6 46. Rg1 Rh2 47. Rg7 b2 48. Bb5 b1=Q 49. Rxd7+ Kc8 50. Bxa4 Qe4# 0-1

[Event "*** Titled Tuesday Blitz"]
[Site "Chess.com"]
[Date "2020.05.26"]
[Round "9"]
[White "Azoulas1"]
[Black "doctorcristian"]
[Result "0-1"]
[WhiteElo "1998"]
[BlackElo "2301"]
[TimeControl "180+1"]
[EndTime "11:51:53 PDT"]
[Termination "doctorcristian won on time"]

1. e4 c5 2. Nf3 Nc6 3. d4 cxd4 4. Nxd4 g6 5. c4 Nf6 6. Nc3 Bg7 7. Be3 Ng4 8. Qxg4 Nxd4 9. Qd1 Ne6 10. Rc1 Qa5 11. Be2 b6 12. O-O Bb7 13. Nd5 Bxb2 14. Rc2 Bg7 15.
f4 Bxd5 16. cxd5 Nc5 17. e5 O-O 18. Bf3 d6 19. Bd4 Qa4 20. h4 f5 21. h5 Rac8 22.
hxg6 hxg6 23. g4 Rcd8 24. gxf5 dxe5 25. Bxe5 Bxe5 26. fxe5 Rxf5 27. Rg2 Qxd1 28. Bxd1 Rxf1+ 29. Kxf1 Rxd5 30. Rxg6+ Kf7 31. Bh5 Rxe5 32. Rg5+ Kf6 33.
Rg6+ Kf5 34. Rg7 Ke4 35. Bg6+ Kd4 36. Bb1 Kc3 37. Rf7 Kb2 38. Bf5 Kxa2 39. Bc8 Kb2 40.
Kf2 Kc3 41. Kf3 a5 42. Kf4 Nd3+ 43. Kf3 a4 0-1

[Event "*** Titled Tuesday Blitz"]
[Site "Chess.com"]
[Date "2020.05.26"]
[Round "9"]
[White "poummba"]
[Black "Fortitudine"]
[Result "1-0"]
[WhiteElo "2482"]
[BlackElo "2323"]
[TimeControl "180+1"]
[EndTime "11:51:54 PDT"]
[Termination "poummba won by resignation"]

1. e4 c5 2. Nf3 d6 3. d4 cxd4 4. Nxd4 Nf6 5. Nc3 Nc6 6. Bg5 Bd7 7. Qd2 Rc8 8. Be2 Nxd4 9. Qxd4 Qa5 10. Bxf6 gxf6 11. O-O Qc5 12. Qd2 h5 13. Kh1 e6 14.
f4 h4 15. h3 b5 16. Rac1 b4 17. Nd1 Bb5 18. Bxb5+ Qxb5 19. Ne3 Be7 20. f5 a5 21. Ng4 e5 22. Ne3 Rg8 23. Rf3 a4 24. Nd5 Rc4 25.
Qd3 Qc5 26. c3 Rg3 27. Rxg3 hxg3 28. Qxg3 Rxe4 29. Qg8+ Kd7 30. Qxf7 Re2 31. Qxe7+ Kc6 32. Nxb4+ Kb5 33. Qb7+ Qb6 34. Qxb6+ Kxb6 35. b3 axb3 36.
axb3 Rf2 37. g4 Rf3 38. Kg2 1-0

[Event "*** Titled Tuesday Blitz"]
[Site "Chess.com"]
[Date "2020.05.26"]
[Round "9"]
[White "Zmeeed63"]
[Black "manmanlai1"]
[Result "0-1"]
[WhiteElo "2228"]
[BlackElo "2354"]
[TimeControl "180+1"]
[EndTime "11:51:54 PDT"]
[Termination "manmanlai1 won on time"]

1. d4 d5 2. c4 e6 3. Nc3 Bb4 4. Nf3 Nf6 5. Bg5 dxc4 6. e3 b5 7. a4 c6 8. Be2 Qb6 9. O-O Nbd7 10.
Ne5 Nxe5 11. dxe5 Nd7 12. a5 Qc7 13. f4 Bxa5 14. Ne4 Bb4 15. Bh5 h6 16. Nd6+ Bxd6 17.
exd6 Qb6 18. Be7 g6 19. Qg4 Rg8 20. f5 exf5 21. Rxf5 Qxe3+ 22. Kh1 Ne5 23. Rxe5 Qxe5 24. Qh4 gxh5 25. Re1 Rg4 26. Qf2 Re4 27. Rf1 Be6 28.
Qf3 Kd7 29. Qa3 a5 0-1

[Event "*** Titled Tuesday Blitz"]
[Site "Chess.com"]
[Date "2020.05.26"]
[Round "9"]
[White "Efremov_Vlad"]
[Black "Khayala13"]
[Result "0-1"]
[WhiteElo "2152"]
[BlackElo "2321"]
[TimeControl "180+1"]
[EndTime "11:51:54 PDT"]
[Termination "Khayala13 won on time"]

1. c4 e5 2. g3 Nf6 3. Bg2 d5 4.
cxd5 Nxd5 5. Nf3 Nc6 6. d3 Be7 7. O-O Be6 8. b3 O-O 9. Bb2 f6 10. Nbd2 a6 11. Rc1 Qd7 12. Ne4 Bh3 13. Nc5 Bxc5 14.
Rxc5 Bxg2 15. Kxg2 Kh8 16. a3 Rae8 17. b4 Rd8 18.
Qb3 Nce7 19. Rfc1 c6 20. a4 Qg4 21. R5c4 Qg6 22. Kh1 Nf5 23. b5 Nd6 24. Rc5 axb5 25. axb5 Nxb5 26. h4 e4 27. dxe4 Qxe4 28. Qc2 Qe6 29.
Rc4 Nd6 30. Rd4 Rfe8 31. e3 Nf5 32. Rc4 Nfxe3 33. fxe3 Nxe3 34. Qe2 Nxc4 35. Qxe6 Rxe6 36. Rxc4 Rd1+ 37. Kg2 Re2+ 38. Kh3 Rxb2 39. Re4 h5 40. Re8+ Kh7 0-1

[Event "*** Titled Tuesday Blitz"]
[Site "Chess.com"]
[Date "2020.05.26"]
[Round "9"]
[White "Nastya_Rakhmangulova"]
[Black "bazar-wokzal"]
[Result "0-1"]
[WhiteElo "2309"]
[BlackElo "2474"]
[TimeControl "180+1"]
[EndTime "11:51:55 PDT"]
[Termination "bazar-wokzal won on time"]

1. e4 Nc6 2. Nf3 d5 3. exd5 Qxd5 4. Nc3 Qa5 5. Bc4 Bg4 6. h3 Bh5 7. O-O O-O-O 8. a3 Nf6 9. b4 Nxb4 10. axb4 Qxa1 11.
Qe2 e6 12. g4 Bg6 13. Na2 Qb1 14. d3 Bxb4 15. Ba3 Qxf1+ 16. Kxf1 Bxa3 17. Qe3 Kb8 18. Nc3 a6 19. Ne5 Bd6 20. f4 Bxe5 21. fxe5 Nd5 22.
Bxd5 exd5 23. Na4 d4 24. Qf3 Rhe8 25. Nc5 c6 26. e6 fxe6 27. Qf4+ e5 28. Qc1 Rd5 29. Qa3 Ka7 30. Qb4 Rb8 31. Ne6 Rb5 32.
Qd6 Rd5 33. Qe7 Rc8 0-1